 Dungeon Crawl Stone Soup version 0.20.0-8-g6b59dc7 (webtiles) character file.

71 mike2R the Cutter (level 4, -3/28 HPs)
             Began as a Kobold Berserker on June 2, 2017.
             Was a Believer of Trog.
             Slain by a goblin
             ... wielding a +0 dagger
             ... led by Robin
              (9 damage)
             ... on level 2 of the Dungeon.
             The game lasted 00:08:44 (1245 turns).

mike2R the Cutter (Kobold Berserker)                Turns: 1245, Time: 00:08:45

Health: -3/28      AC:  2    Str: 14    XL:     4   Next: 47%
Magic:  4/4        EV: 15    Int:  8    God:    Trog [**....]
Gold:   52         SH:  0    Dex: 15    Spells: 3/3 levels left

rFire    . . .     SeeInvis .   a - +0 short sword
rCold    . . .     Gourm    .   (shield restricted)
rNeg     . . .     Faith    .   h - +0 animal skin
rPois    .         Spirit   .   (no helmet)
rElec    .         Reflect  .   (no cloak)
rCorr    .         Harm     .   (no gloves)
MR       ++...                  (no boots)
Stlth    +++.......             (no amulet)
Regen    1.1/turn               (no ring)
MPRegen  0.1/turn               (no ring)

@: berserk cooldown, regenerating, slowed, very slow
A: carnivore 3
a: Berserk, Trog's Hand, Burn Spellbooks, Renounce Religion


You were on level 2 of the Dungeon.
You worshipped Trog.
Trog was pleased with you.
You were very full.

You visited 1 branch of the dungeon, and saw 2 of its levels.

You collected 52 gold pieces.

Inventory:

Hand Weapons
 a - a +0 short sword (weapon)
 b - a +0 dagger
Missiles
 i - 31 stones (quivered)
Armour
 h - a +0 animal skin (worn)
Scrolls
 d - 2 scrolls of enchant weapon {unknown}
 g - a scroll of enchant armour {unknown}
 l - 2 scrolls of identify {unknown}
Potions
 e - a potion of curing {unknown}
 j - a potion of degeneration {unknown}
Comestibles
 c - a meat ration
 f - a royal jelly
 k - 3 chunks of flesh


   Skills:
 - Level 3.2 Fighting
 + Level 5.2 Short Blades
 - Level 1.5 Armour
 - Level 2.4 Dodging
 + Level 4.0 Stealth


You had 3 spell levels left.
You didn't know any spells.

Dungeon Overview and Level Annotations

Branches:
Dungeon (2/15)

Altars:
Vehumet


Innate Abilities, Weirdness & Mutations

You are small and have problems with some larger weapons.
You are carnivorous and can eat meat at any time.


Message History

You hit Robin.
You kill Robin!
Trog accepts your kill.
Your Stealth skill increases to level 4!
The goblin no longer looks unusually strong.
The goblin hits you with a dagger. The goblin closely misses you.
The goblin barely misses you.
You're still recovering from your berserk rage.
Okay, then.
You hit the goblin.
You kill the goblin!
Trog accepts your kill. The goblin hits you with a dagger.
* * * LOW HITPOINT WARNING * * *
The goblin closely misses you. The goblin hits you.
* * * LOW HITPOINT WARNING * * *
The goblin hits you but does no damage.
You feel the effects of Trog's Hand fading.
The goblin misses you. x2; The goblin hits you with a dagger!
You die...

..............)..[[.......
r......?.......###########
...............#
...............#
#...#..........# ##### ###
#..........#######....
#..........##......... ##+#
#.$.gg.....##.........
.....##.ggg@.....##....)....
........)#####.........)....
.........# ..............
$.....†..# ..............
##.......# .........###'
###.###.# ###.....#... #.
#.# #....###### g #.#
#....##...#. . #.#
....##..#..#


You could see 5 goblins.

Vanquished Creatures
  Robin (D:2)
  2 adders (D:2)
  3 dart slugs
  A leopard gecko (D:1)
  A giant cockroach (D:1)
  7 goblins
  2 hobgoblins (D:2)
  A jackal (D:2)
  4 kobolds
  A ball python (D:1)
  4 bats (D:1)
  3 frilled lizards
  8 rats
38 creatures vanquished.

Notes
Turn   | Place    | Note
-------+----------+-------------------------------------------
     0 | D:1      | mike2R the Kobold Berserker began the quest for the Orb.
     0 | D:1      | Reached XP level 1. HP: 14/14 MP: 1/1
   108 | D:1      | Reached skill level 1 in Stealth
   264 | D:1      | Reached XP level 2. HP: 19/19 MP: 2/2
   651 | D:1      | Reached XP level 3. HP: 23/23 MP: 3/3
   991 | D:2      | Reached ** piety under Trog
  1048 | D:2      | Reached skill level 5 in Short Blades
  1048 | D:2      | Reached XP level 4. HP: 28/28 MP: 4/4
  1053 | D:2      | Found a radiant altar of Vehumet.
  1221 | D:2      | Noticed Robin
  1243 | D:2      | Killed Robin
  1245 | D:2      | Slain by a goblin

Skill      XL: |  1  2  3  4 |
---------------+-------------+-----
Stealth        | 1 2 3 4 |  4.0
Short Blades   | 5 |  5.2
Fighting       | |  3.2
Armour         | |  1.5
Dodging        | |  2.4

Action                   |  1- 3 |  4- 6 || total
-------------------------+-------+-------++-------
Melee: Short sword       |    40 |    29 ||    69
       Dagger            |    52 |       ||    52
Throw: Stone             |       |     1 ||     1
Invok: Berserk           |     8 |     2 ||    10
       Trog's Hand       |       |     1 ||     1
 Stab: Sleeping          |     2 |       ||     2
  Eat: Chunk             |    16 |     2 ||    18
Armor: Animal skin       |     9 |     3 ||    12
Dodge: Dodged            |    55 |    32 ||    87
